 Dungeon Crawl Stone Soup version 0.30-a0-748-ge6a52f7cba (webtiles) character file.

Game seed: 8184540211062928207

3014 Leeroy the Ducker (level 9, 0/49 HPs)
             Began as a Vine Stalker Warper on Feb 8, 2023.
             Was a High Priest of Uskayaw.
             Slain by a gnoll sergeant
             ... wielding a +0 trident
              (6 damage)
             ... on level 8 of the Dungeon.
             The game lasted 00:08:42 (6570 turns).

Leeroy the Ducker (Vine Stalker Warper)             Turns: 6570, Time: 00:08:43

Health: 0/49       AC: 12    Str: 14    XL:     9   Next: 85%
Magic:  0/20       EV: 16    Int: 13    God:    Uskayaw [*****.]
Gold:   348        SH:  0    Dex: 18    Spells: 10/22 levels left

rFire   . . .      SeeInvis .    X - +3 falchion (freeze)
rCold   . . .      Faith    .    (no shield)
rNeg    . . .      Spirit   +    P - +0 leather armour {rPois}
rPois   +          Reflect  .    t - +2 helmet
rElec   .          Harm     .    l - +0 cloak
rCorr   .          Rampage  .    p - +0 pair of gloves
Will    +....                    (no boots)
Stlth   +                        (no amulet)
HPRegen 1.08/turn                e - +4 ring of protection
MPRegen 0.17/turn                (no ring)

@: no status effects
A: fangs 3, regeneration 1, magic shield, antimagic bite, no potion heal 2
a: Renounce Religion, Stomp, Line Pass, Grand Finale


You were on level 8 of the Dungeon.
You worshipped Uskayaw.
Uskayaw was noncommittal.
You visited 2 branches of the dungeon, and saw 9 of its levels.

You collected 348 gold pieces.

Inventory:

Hand Weapons
 s - a +2 dagger of venom
 u - a +0 dagger of electrocution
 C - a +1 dagger of speed
 D - a +0 short sword of freezing
 G - a +2 hand axe of flaming
 O - a +0 dagger of pain
 Q - a +2 dagger of freezing
 U - the +4 dagger of Floral Optimality {flame, Contam Str+4 Int+2}
   (You found it on level 7 of the Dungeon)

   Str:       It affects your strength (+4).
   Int:       It affects your intelligence (+2).
   Contam:    It causes magical contamination when unequipped.
 X - a +3 falchion of freezing (weapon)
 Y - a +0 great sword
 Z - a +1 long sword
Missiles
 d - 6 boomerangs of dispersal (quivered)
 K - 2 poisoned darts
 M - a throwing net
 V - 3 boomerangs
Armour
 b - a +0 leather armour
 l - a +0 cloak (worn)
 p - a +0 pair of gloves (worn)
 t - a +2 helmet (worn)
 P - a +0 leather armour of poison resistance (worn)
Magical Staves
 a - a staff of air
 k - a staff of death
Jewellery
 e - a +4 ring of protection (left hand)
 B - a +6 ring of dexterity
Wands
 L - a wand of quicksilver (16)
 N - a wand of iceblast (7)
 R - a wand of charming (27)
Scrolls
 c - a scroll of blinking
 f - 2 scrolls of magic mapping {unknown}
 i - a scroll of summoning
 j - a scroll of acquirement {unknown}
 n - 4 scrolls of enchant weapon {unknown}
 r - 3 scrolls of vulnerability {unknown}
 w - 3 scrolls of amnesia {unknown}
 y - a scroll of poison {unknown}
 z - a scroll of fear {unknown}
 A - a scroll of enchant armour {unknown}
 F - a scroll of noise {unknown}
 I - 4 scrolls of identify {unknown}
 J - 3 scrolls of teleportation {unknown}
 T - a scroll of fog {unknown}
 W - a scroll of immolation {unknown}
Potions
 g - a potion of might {unknown}
 h - a potion of brilliance {unknown}
 m - 7 potions of curing {unknown}
 o - 3 potions of heal wounds {unknown}
 q - a potion of cancellation {unknown}
 v - a potion of mutation {unknown}
 x - 4 potions of attraction {unknown}
 E - a potion of degeneration {unknown}
 H - a potion of invisibility {unknown}
 S - a potion of flight {unknown}


   Skills:
 - Level 6.3 Fighting
 + Level 3.9 Long Blades
 - Level 0.8 Throwing
 - Level 0.7 Armour
 - Level 7.3 Dodging
 - Level 7.1 Spellcasting
 - Level 3.0 Translocations


You had 10 spell levels left.
You knew the following spells:

 Your Spells              Type           Power      Damage    Failure   Level
a - Blink                 Tloc           24%        N/A       9%          2
b - Vhi's Electric Charg  Tloc/Air       16%        N/A       30%         3
c - Manifold Assault      Tloc           12%        N/A       50%         4
d - Confusing Touch       Hex            4%         N/A       50%         3

Your spell library contained the following spells:

 Spells                   Type           Power      Damage    Failure   Level
 Apportation              Tloc           24%        N/A       5%          1
 Lesser Beckoning         Tloc           24%        N/A       9%          2
 Teleport Other           Tloc           12%        N/A       17%         3
 Kiss of Death            Conj/Necr      16%        2d6       19%         1
 Summon Small Mammal      Summ           16%        N/A       19%         1
 Call Canine Familiar     Summ           4%         N/A       50%         3
 Summon Guardian Golem    Hex/Summ       4%         N/A       50%         3
 Dispel Undead            Necr           4%         3d7       88%         4
 Alistair's Intoxication  Tmut/Pois      2%         N/A       99%         5


Dungeon Overview and Level Annotations

Branches:
Dungeon (8/15)             Temple (1/1) D:6
   Lair: D:8-11

Altars:
Ashenzari
Cheibriados
Dithmenos
Elyvilon
Fedhas
Gozag
Hepliaklqana
Kikubaaqudgha
Makhleb
Okawaru
Qazlal
Ru
Sif Muna
Trog
Uskayaw
Vehumet
Wu Jian
Yredelemnul
Zin
The Shining One

Annotations:
D:3 1 runed translucent door, derval's ghost, amateur OpSu
D:4 3 runed translucent doors, Athor's ghost, novice MeCA
D:6 3 runed translucent doors, derval's ghost, amateur OpSu; zurenarrh's ghost, novice MiFi


Innate Abilities, Weirdness & Mutations

You have razor-sharp teeth.
Your natural rate of healing is unusually fast.
When hurt, damage is shared between your health and your magic reserves.
Your bite disrupts and absorbs the magic of your enemies.
Potions cannot restore your health.


Message History

The orc priest is moderately wounded.
The centaur warrior closely misses you. The centaur warrior barely misses you.
The gnoll closely misses you. The orc priest misses you.
The orc priest hits you but does no damage.
The centaur warrior completely misses you.
The centaur warrior kicks you but does no damage.
You hit the centaur warrior. You freeze the centaur warrior.
The centaur warrior is lightly wounded.
The centaur warrior hits you but does no damage.
The centaur warrior kicks you but does no damage.
The gnoll barely misses you. The orc priest closely misses you.
The orc priest misses you. The gnoll sergeant misses you.
You hit the centaur warrior. You freeze the centaur warrior.
You bite the centaur warrior. You drain its power.
You feel invigorated.
The centaur warrior is moderately wounded.
The centaur warrior barely misses you.
The centaur warrior kicks you but does no damage.
The gnoll completely misses you.
The orc priest hits you but does no damage.
The orc priest barely misses you. The gnoll sergeant closely misses you.
The centaur warrior hits you with a +0 dagger.
* * * LOW HITPOINT WARNING * * *
The centaur warrior kicks you but does no damage.
You hit the centaur warrior. You freeze the centaur warrior.
Your bite misses the centaur warrior.
The centaur warrior is moderately wounded.
The centaur warrior hits you with a +0 dagger!
* * * LOW HITPOINT WARNING * * *
The centaur warrior completely misses you.
The gnoll sergeant hits you from afar with a +0 trident.
* * * LOW HITPOINT WARNING * * *
The orc priest calls upon Beogh to heal the orc priest.
The orc priest's wounds heal themselves!
The orc priest hits you with a +0 club.
* * * LOW HITPOINT WARNING * * *
The centaur warrior hits you with a +0 dagger.
* * * LOW HITPOINT WARNING * * *
The centaur warrior closely misses you.
The gnoll sergeant hits you from afar with a +0 trident!
You die... #.....# #z.)##. .. #..##o###g.og.g $. #.oC.zozzB...C.

.. ##)##zg.Cg..##z
.. #.########.# .. C
#u# #.# #. #o# #'##
.. ########g#
##...## #.....).g#
##@c...## #.#####..#
##goo....#
#.....####ggo......#
#.....g.u'.........'
#.....####.........#
#.##..# ##.......##
......# ##.....##
##.###.# ##...## #
#. #'##


You could see a green ugly thing, a centaur warrior, a gnoll sergeant, 2 orc
priests, 2 gnolls and an orc.

Vanquished Creatures
  A troll (D:8)
  Prince Ribbit (D:8)
  A steam dragon (D:8)
  A vampire mosquito (D:8)
  A water moccasin (D:6)
  A black bear (D:4)
  An ice beast (D:6)
  Duvessa (D:6)
  2 sky beasts
  An orc warrior (D:8)
  A phantom (D:6)
  A necrophage (D:6)
  2 bullfrogs
  2 scorpions
  6 wights
  Dowan (D:6)
  3 jellies
  A howler monkey (D:5)
  3 hounds
  2 orc priests
  Jessica (D:2)
  5 iguanas
  A gnoll bouda (D:7)
  5 orc wizards
  Robin (D:3)
  14 gnolls
  9 adders
  A shadow imp (D:8)
  3 white imps
  A worm (D:5)
  2 dart slugs
  19 orcs
  6 endoplasms
  2 giant cockroaches
  15 goblins
  8 hobgoblins
  2 jackals (D:5)
  6 quokkas
  3 ball pythons
  8 bats
  4 frilled lizards (D:2)
  7 kobolds
  4 rats
160 creatures vanquished.

Vanquished Creatures (others)
  An orc wizard (D:8)
  10 plants
11 creatures vanquished.

Grand Total: 171 creatures vanquished

Notes
Turn   | Place    | Note
-------+----------+-------------------------------------------
     0 | D:1      | Leeroy the Vine Stalker Warper began the quest for the Orb.
     0 | D:1      | Reached XP level 1. HP: 11/11 MP: 4/4
    76 | D:1      | Reached XP level 2. HP: 15/15 MP: 6/6
   656 | D:1      | Reached XP level 3. HP: 17/18 MP: 7/7
   719 | D:2      | Learned a level 2 spell: Blink
   723 | D:2      | Learned a level 3 spell: Vhi's Electric Charge
  1224 | D:2      | Noticed Jessica
  1239 | D:2      | Killed Jessica
  1240 | D:2      | Gained mutation: Your natural rate of healing is unusually
                  | fast. [Vine Stalker growth]
  1240 | D:2      | Reached XP level 4. HP: 6/23 MP: 3/10
  1446 | D:2      | Learned a level 4 spell: Manifold Assault
  1682 | D:3      | Noticed Robin
  1755 | D:3      | Killed Robin
  1756 | D:3      | Reached XP level 5. HP: 26/26 MP: 12/12
  1805 | D:3      | Found a runed translucent door.
  1806 | D:3      | Noticed derval's ghost (amateur OpSu)
  1912 | D:3      | Reached skill level 5 in Spellcasting
  2452 | D:4      | Noticed a black bear
  2463 | D:4      | Killed a black bear
  2464 | D:4      | Reached XP level 6. HP: 24/30 MP: 14/16
  2537 | D:4      | Reached XP level 7. HP: 27/34 MP: 11/18
  2619 | D:4      | Found a runed translucent gate.
  2620 | D:4      | Found a runed translucent gate.
  2621 | D:4      | Found an opulent altar of Gozag.
  2621 | D:4      | Found a runed translucent gate.
  2625 | D:4      | Noticed Athor's ghost (novice MeCA)
  3152 | D:5      | Entered Level 5 of the Dungeon
  3661 | D:5      | Gained mutation: You have razor-sharp teeth. [Vine Stalker
                  | growth]
  3661 | D:5      | Reached XP level 8. HP: 38/38 MP: 19/19
  4098 | D:6      | Noticed Dowan
  4098 | D:6      | Noticed Duvessa
  4103 | D:6      | Killed Dowan
  4113 | D:6      | Killed Duvessa
  4114 | D:6      | Reached skill level 5 in Dodging
  4133 | D:6      | Learned a level 3 spell: Confusing Touch
  4775 | D:6      | Found a runed translucent gate.
  4775 | D:6      | Found a runed translucent gate.
  4775 | D:6      | Found a runed translucent gate.
  4780 | D:6      | Noticed zurenarrh's ghost (novice MiFi)
  4780 | D:6      | Noticed derval's ghost (amateur OpSu)
  4793 | D:6      | Found a staircase to the Ecumenical Temple.
  4852 | Temple   | Entered the Ecumenical Temple
  5031 | Temple   | Became a worshipper of Uskayaw the Reveller
  5291 | D:7      | Found a shadowy altar of Dithmenos.
  5293 | D:7      | Found a broken altar of Ashenzari.
  5377 | D:7      | Reached * piety under Uskayaw
  5385 | D:7      | Reached ** piety under Uskayaw
  5387 | D:7      | Reached *** piety under Uskayaw
  5388 | D:7      | Reached XP level 9. HP: 40/42 MP: 17/20
  5660 | D:7      | Found a bloodstained altar of Trog.
  5662 | D:7      | Identified the +4 dagger of Floral Optimality {flame,
                  | Contam Str+4 Int+2}
  5766 | D:7      | Reached **** piety under Uskayaw
  5772 | D:7      | Reached ***** piety under Uskayaw
  6304 | D:8      | Noticed a cyclops
  6347 | D:8      | Reached skill level 5 in Fighting
  6457 | D:8      | Noticed a troll
  6494 | D:8      | Noticed Prince Ribbit
  6504 | D:8      | Killed Prince Ribbit
  6518 | D:8      | Noticed a troll
  6523 | D:8      | Noticed a green ugly thing
  6530 | D:8      | Noticed a boulder beetle
  6531 | D:8      | Killed a troll
  6560 | D:8      | Noticed a centaur warrior
  6570 | D:8      | Slain by a gnoll sergeant

Illustrated notes

Levels and vault maps discovered:
D:1:      scummos_arrival_star, layout_basic, serial_glass, glass_columns_b,
          glass_columns_b, nicolae_grassy_gnolls
D:2:      layout_loops_corners, serial_forest, infiniplex_forest_clump_medium,
          infiniplex_forest_clump_double, infiniplex_forest_lined_room_2,
          infiniplex_forest_clump_medium, infiniplex_forest_clump_diagonal,
          infiniplex_forest_zigzag_2, uniq_jessica
D:3:      layout_loops_ring, ebering_ghost_sewer_d, kennysheep_generic_room_15,
          uniq_robin
D:4:      layout_loops_cross, ebering_ghost_gozag, guppyfry_early_lair_pool
D:5:      layout_basic
D:6:      layout_basic, minmay_temple_entry_statues_pillars,
          gammafunk_ghost_cemetery, uniq_duvessa
D:7:      layout_basic, bloody_trog, mainiacjoe_overflow_divided_tiny
D:8:      minmay_bloctagon, layout_loops_corners, uniq_joseph,
          uniq_prince_ribbit1
Temple:   bh_familiar_temple

Skill      XL: |  1  2  3  4  5  6  7  8  9 |
---------------+----------------------------+-----
Long Blades    | 2 3 |  3.9
Dodging        | 2 4 7 |  7.3
Spellcasting   | 3 4 6 7 |  7.1
Fighting       | 6 |  6.3
Throwing       | |  0.8
Armour         | |  0.7
Translocations | |  3.0

Action                     |  1- 3 |  4- 6 |  7- 9 || total
---------------------------+-------+-------+-------++-------
  Melee: Falchion          |    82 |    36 |    43 ||   161
         Bite              |    17 |    36 |   160 ||   213
         Dagger            |       |   104 |   407 ||   511
         Punch             |       |       |    15 ||    15
  Throw: Boomerang         |     1 |       |       ||     1
   Cast: Blink             |       |       |     4 ||     4
         Vhi's Electric Ch |       |       |     2 ||     2
  Evoke: Wand              |       |       |     1 ||     1
    Use: Scroll            |       |       |     1 ||     1
   Stab: Sleeping          |     1 |       |     4 ||     5
         Paralysed         |       |       |     9 ||     9
 Armour: Leather armour    |    29 |    81 |   183 ||   293
  Dodge: Dodged            |    51 |    92 |   299 ||   442

Table legend: (Time is in decaauts)
 A = Elapsed time spent in this place.
 B = Non-inter-level travel time spent in this place.
 C = Inter-level travel time spent in this place.
 D = Time resting spent in this place.
 E = Time spent auto-exploring this place.
 F = Levels seen in this place.
 G = Mean time per level.
                   A        B        C        D        E       F      G
               +--------+--------+--------+--------+--------+-----+--------+
         Total |   6532 |   6168 |    364 |     71 |   4798 |   9 |  725.8 |
       Dungeon |   6328 |   5994 |    334 |     71 |   4635 |   8 |  791.0 |
        Temple |    204 |    174 |     30 |      0 |    163 |   1 |  204.0 |
               +--------+--------+--------+--------+--------+-----+--------+

Top non-repeatable levels by time:
     D:2: 1049 daAuts
     D:6: 973 daAuts
     D:7: 935 daAuts
     D:5: 934 daAuts
     D:4: 728 daAuts
     D:3: 701 daAuts
     D:1: 682 daAuts
     D:8: 322 daAuts
  Temple: 204 daAuts
